AoeStats
← [Knusper] sycane

Nomad

508067840Analyzed
4v4 RM · 13d ago on Sep 20, 2026· 48m 13s· 8 players
Game mode
Random Map
Map size
231×231
Population
200
Speed
Normal
Resources
Standard
Victory
Conquest
Starting age
Dark Age
Ending age
Imperial Age
RankedLock teamsTeams togetherTeam positionsShared explorationLock speedFull tech treeHidden civsTurbo modeCheats
Victory
Defeat
🇨🇴 Koreans · Colombia
1085
+15
🇺🇸 Malay · United States
1057
+16
🇫🇷 Franks · France
1036
+17
🇧🇪 Persians · Belgium
1030
+19
🇩🇪 Japanese · Germany
1082
-17
🇩🇪 Georgians · Germany
1082
-17
🇩🇪 Franks · Germany
1068
-19
🇩🇪 Ethiopians · Germany
1039
-16
Steppo
4:44 Loom
14:54 Feudal Age
14:45 Double-Bit Axe
14:53 Gold Mining
15:15 Town Watch
21:08 Horse Collar
21:27 Fishing Lines
21:21 Man-at-Arms
23:54 Arson
25:05 Forging
29:11 Castle Age
27:36 Stone Mining
30:38 Stone Shaft Mining
30:16 Bow Saw
34:11 Imperial Age
33:07 Gold Shaft Mining
32:29 Crossbowman
34:09 Wheelbarrow
35:48 Forced Levy
36:09 Conscription
36:11 Thalassocracy
37:43 Ballistics
37:20 Murder Holes
37:35 Masonry
38:23 Fletching
39:22 Gillnets
40:00 Bodkin Arrow
40:48 Clinker Construction
40:52 Arbalester
41:38 Thumb Ring
42:25 Iron Casting
42:37 Long Swordsman
43:17 Squires
42:38 Pikeman
43:23 Bracer
43:24 Padded Archer Armor
44:55 Two-Handed Swordsman
45:52 Caravan
47:57 Hand Cart
47:50 Siege Engineers
47:56 Clinker Construction
47:58 Careening
48:49 Chemistry
Jo_
4:31 Loom
14:47 Feudal Age
16:14 Wheelbarrow
19:30 Castle Age
18:23 Gold Mining
32:02 Fletching
33:05 Wheelbarrow
39:52 Scale Barding Armor
41:15 Bloodlines
43:11 Gold Shaft Mining
43:02 Double-Bit Axe
44:11 Forging
45:31 Horse Collar
47:31 Chain Barding Armor
Petrovisky
5:26 Loom
14:15 Feudal Age
15:39 Feudal Age
19:34 Castle Age
18:02 Double-Bit Axe
18:09 Fletching
18:21 Town Watch
18:32 Fishing Lines
19:31 Gold Mining
19:56 Stone Mining
20:10 Bodkin Arrow
21:08 Bow Saw
26:47 Wheelbarrow
33:09 Imperial Age
35:20 Two-Man Saw
34:06 Horse Collar
35:41 Heavy Plow
41:37 Scale Mail Armor
41:48 Forging
43:58 Squires
44:19 Chain Mail Armor
46:30 Iron Casting
46:27 Pikeman
Kyōshirō Tōdō
16:13 Feudal Age
16:53 Double-Bit Axe
17:54 Fishing Lines
18:25 Loom
18:26 Town Watch
21:16 Castle Age
24:09 Bow Saw
25:47 Gillnets
27:01 Town Patrol
29:25 Wheelbarrow
29:47 Ballistics
29:49 Husbandry
29:18 Light Cavalry
30:54 Gold Mining
30:58 Stone Mining
34:44 Imperial Age
32:26 Husbandry
34:00 Scale Barding Armor
35:45 Chain Barding Armor
35:27 Chivalry
35:50 Conscription
35:45 Forging
35:01 Cavalier
35:12 Cavalier
37:59 Plate Barding Armor
38:06 Iron Casting
37:55 Hand Cart
38:14 Padded Archer Armor
38:05 Fletching
40:00 Chemistry
38:57 Murder Holes
40:12 Paladin
41:27 Siege Engineers
41:55 Arrowslits
42:21 Masonry
43:51 Gold Shaft Mining
46:05 Blast Furnace
Nathan-12356
6:39 Loom
16:07 Feudal Age
17:40 Wheelbarrow
17:42 Double-Bit Axe
20:17 Gold Mining
20:21 Stone Mining
22:45 Castle Age
22:43 Forging
25:19 Hand Cart
26:05 Scale Barding Armor
27:42 Town Watch
28:54 Gold Shaft Mining
31:09 Husbandry
34:57 Fishing Lines
40:57 Imperial Age
41:11 Cavalier
41:47 Cavalier
44:12 Conscription
44:42 Bow Saw
44:31 Murder Holes
44:47 Masonry
[Knusper] ChamberMC
7:55 Loom
17:50 Feudal Age
24:49 Fletching
25:01 Padded Archer Armor
27:52 Castle Age
27:58 Castle Age
27:36 Scale Mail Armor
27:46 Forging
35:31 Crossbowman
37:11 Bodkin Arrow
37:48 Gold Mining
37:49 Stone Mining
41:04 Chain Mail Armor
41:00 Forging
41:01 Thumb Ring
43:32 Leather Archer Armor
43:52 Iron Casting
48:02 Imperial Age
46:05 Double-Bit Axe
[Knusper] sycane
4:58 Loom
12:59 Feudal Age
14:44 Double-Bit Axe
20:15 Castle Age
21:44 Bow Saw
21:17 Horse Collar
22:29 Heavy Plow
24:23 Scale Mail Armor
25:44 Wheelbarrow
25:22 Gold Mining
27:22 Stone Mining
28:42 Chain Mail Armor
29:30 Forging
31:44 Squires
31:30 Arson
38:50 Imperial Age
36:22 Fletching
37:20 Hand Cart
37:13 Bodkin Arrow
39:23 Ballistics
39:05 Murder Holes
38:44 Pikeman
39:23 Halberdier
40:35 Conscription
42:08 Chemistry
41:42 Guard Tower
42:11 Yasama
43:42 Iron Casting
43:40 Plate Mail Armor
43:40 Bracer
46:44 Keep
46:01 Arrowslits
[Knusper] Alex
5:06 Loom
13:13 Feudal Age
19:50 Castle Age
17:46 Stone Mining
18:14 Double-Bit Axe
20:31 Wheelbarrow
22:07 Town Watch
26:04 Horse Collar
28:54 Scale Barding Armor
29:45 Heavy Plow
31:19 Chain Barding Armor
31:13 Bloodlines
31:04 Husbandry
36:22 Imperial Age
37:54 Hand Cart
39:18 Conscription
38:30 Capped Ram
40:16 Plate Barding Armor
39:51 Forging
41:10 Conscription
45:34 Gold Mining
45:55 Bow Saw
46:30 Crop Rotation
Connection lost

Rejoining the realm…

Still unreachable

The connection could not be restored.

Session expired

The server has moved on; the page needs a fresh start.